 Dungeon Crawl Stone Soup version 0.31-a0-981-geadf994542 (webtiles) character file.

Game seed: 3048979132121406118

1225 miscthings the Charlatan (level 8, -1/60 HPs)
             Began as a Gnoll Artificer on Nov 2, 2023.
             Was a Believer of Okawaru.
             Succumbed to a water moccasin's poison
             ... on level 6 of the Dungeon.
             The game lasted 00:08:05 (4011 turns).

miscthings the Charlatan (Gnoll Artificer)          Turns: 4011, Time: 00:08:06

Health: -1/60      AC: 10    Str: 13    XL:     8   Next: 47%
Magic:  12/13      EV: 13    Int: 12    God:    Okawaru [**....]
Gold:   244        SH:  5    Dex: 14    Spells: 13/13 levels left

rFire   . . .        h - staff of poison
rCold   + + .        (no shield)
rNeg    + . .        f - +3 leather armour
rPois   +            (helmet restricted)
rElec   .            (no cloak)
rCorr   +            (no gloves)
SInv    .            (no boots)
Will    .....        l - amulet of reflection
Stlth   +++          m - ring of resist corrosion
HPRegen 0.30/turn    p - ring "Vuocla" {rC+ rN+ AC+4 Int+2 Stlth+}
MPRegen 0.13/turn

%: reflection
@: lethally poisoned (-1 -> -35)
A: fangs 1, strong nose, distributed training, horns 1, cold resistance 1
a: Renounce Religion, Heroism


You were on level 6 of the Dungeon.
You worshipped Okawaru.
Okawaru was pleased with you.
You visited 2 branches of the dungeon, and saw 8 of its levels.

You collected 244 gold pieces.

Inventory:

Hand Weapons
 g - a +0 short sword
Missiles
 t - 4 silver javelins (quivered)
Armour
 f - a +3 leather armour (worn)
Magical Staves
 h - a staff of poison (weapon)
Jewellery
 l - an amulet of reflection (around neck)
 m - a ring of resist corrosion (left hand)
 p - the ring "Vuocla" (right hand) {rC+ rN+ AC+4 Int+2 Stlth+}
   (You found it on level 6 of the Dungeon)

   [ring of protection]

   AC+4:      It affects your AC (+4).
   Int+2:     It affects your intelligence (+2).
   rC+:       It protects you from cold.
   rN+:       It protects you from negative energy.
   Stlth+:    It makes you more stealthy.
Wands
 c - a wand of flame (12)
 d - a wand of charming (14)
 e - a wand of iceblast (11)
Scrolls
 n - a scroll of enchant armour {unknown}
 o - a scroll of fog {unknown}
 q - a scroll of immolation {unknown}
 r - a scroll of silence {unknown}
 s - a scroll of amnesia {unknown}
 u - a scroll of blinking {unknown}
 v - a scroll of noise {unknown}
Potions
 a - 5 potions of curing
 b - a potion of magic
 i - a potion of attraction {unknown}
 j - 4 potions of lignification
 k - 2 potions of mutation
 w - 2 potions of enlightenment {unknown}


   Skills:
 + Level 4.3 Fighting
 + Level 3.3 Short Blades
 + Level 3.3 Long Blades
 + Level 3.3 Axes
 + Level 3.3 Maces & Flails
 + Level 3.3 Polearms
 + Level 3.3 Staves
 + Level 3.3 Ranged Weapons
 + Level 3.3 Throwing
 + Level 5.7 Armour
 + Level 4.3 Dodging
 + Level 4.1 Stealth
 + Level 3.3 Shields
 + Level 3.3 Unarmed Combat
 + Level 3.3 Spellcasting
 + Level 2.7 Conjurations
 + Level 2.7 Hexes
 + Level 2.7 Summonings
 + Level 2.7 Necromancy
 + Level 2.7 Translocations
 + Level 2.7 Transmutations
 + Level 2.7 Fire Magic
 + Level 2.7 Ice Magic
 + Level 2.7 Air Magic
 + Level 2.7 Earth Magic
 + Level 2.7 Poison Magic
 + Level 3.7 Invocations
 + Level 7.4 Evocations
 + Level 3.0 Shapeshifting


You had 13 spell levels left.
You didn't know any spells.
Your spell library contained the following spells:

 Spells                   Type           Power      Damage    Failure   Level
 Gell's Gravitas          Tloc           8%         N/A       28%         3
 Teleport Other           Tloc           8%         N/A       28%         3
 Dimensional Bullseye     Hex/Tloc       4%         N/A       67%         4
 Metabolic Englaciation   Hex/Ice        4%         N/A       95%         5
 Dispersal                Tloc           4%         N/A       100%        6
 Discord                  Hex            4%         N/A       100%        8


Dungeon Overview and Level Annotations

Branches:
Dungeon (7/15)             Temple (1/1) D:6

Altars:
Ashenzari
Cheibriados
Dithmenos
Elyvilon
Fedhas
Gozag
Hepliaklqana
Makhleb
Nemelex Xobeh
Okawaru
Qazlal
Ru
Sif Muna
Uskayaw
Vehumet
Wu Jian
Yredelemnul
Zin
The Shining One

Shops:
D:3 *


Innate Abilities, Weirdness & Mutations

You have very sharp teeth.
Your uncanny sense of smell can sniff out nearby items.
Your experience applies equally to all skills.
You have a pair of small horns on your head.
Your flesh is cold resistant. (rC+)


Message History

You hit the water moccasin.
Your headbutt misses the water moccasin.
The water moccasin is heavily wounded.
You block the water moccasin's attack. The water moccasin bites you!
You barely miss the water moccasin. You bite the water moccasin.
The water moccasin is heavily wounded.
The water moccasin bites you.
You are poisoned.
The water moccasin poisons you!
You closely miss the water moccasin.
The water moccasin is heavily wounded.
You feel very sick. The water moccasin misses you.
The water moccasin barely misses you.
You completely miss the water moccasin.
The water moccasin is heavily wounded.
You feel sick. The water moccasin bites you.
You are more poisoned.
The water moccasin poisons you!
You are too injured to fight recklessly!
You completely miss the water moccasin.
Your headbutt misses the water moccasin.
The water moccasin is heavily wounded.
You feel very sick. The water moccasin bites you.
You are lethally poisoned!
The water moccasin poisons you! The water moccasin bites you.
* * * LOW HITPOINT WARNING * * *
You are more poisoned.
The water moccasin poisons you!
Aiming: Iceblast
Press: ? - help, Shift-Dir - straight line The mass of ice explodes!
The iceblast engulfs the water moccasin!!
You kill the water moccasin!
Okawaru accepts your kill.
* * * LOW HITPOINT WARNING * * *
You feel extremely sick.
You hear a shout! x3
Your Shapeshifting skill increases to level 3!
You die...

# #.#
#.####.#####..
#.#...<......#
#......#####..
###.####
#####.####
#........#
#.###.##.#
#.##@# #.##.#
#..†...#
####.#.# #.#.#
... # ... ...
##...


There were no monsters in sight!

Vanquished Creatures
  Sigmund (D:4)
  A water moccasin (D:6)
  Blork the orc (D:5)
  6 scorpions
  4 hounds
  A gnoll bouda (D:4)
  An orc priest (D:6)
  Jessica (D:2)
  4 iguanas
  An orc wizard (D:5)
  7 gnolls
  6 adders
  5 worms
  A dart slug (D:2)
  4 orcs (D:5)
  6 ball pythons
  5 endoplasms
  2 giant cockroaches (D:3)
  6 goblins
  6 hobgoblins
  3 jackals (D:3)
  6 quokkas
  9 bats
  A frilled lizard (D:1)
  10 kobolds
  5 rats
103 creatures vanquished.

Vanquished Creatures (collateral kills)
  An ogre (D:4)
1 creature vanquished.

Grand Total: 104 creatures vanquished

Notes
Turn   | Place    | Note
-------+----------+-------------------------------------------
     0 | D:1      | miscthings the Gnoll Artificer began the quest for the Orb.
     0 | D:1      | Reached XP level 1. HP: 17/17 MP: 1/1
   158 | D:1      | Reached XP level 2. HP: 23/23 MP: 2/2
   248 | D:1      | You fall into a shaft and drop 1 floor!
   316 | D:3      | Found Zin's Purification Station.
   319 | D:3      | Found a glowing silver altar of Zin.
   355 | D:3      | Reached XP level 3. HP: 28/28 MP: 2/4
   363 | D:3      | Reached skill level 1 in Invocations
   394 | D:3      | Reached skill level 1 in Short Blades
   394 | D:3      | Reached skill level 1 in Long Blades
   394 | D:3      | Reached skill level 1 in Axes
   394 | D:3      | Reached skill level 1 in Maces & Flails
   394 | D:3      | Reached skill level 1 in Polearms
   394 | D:3      | Reached skill level 1 in Staves
   394 | D:3      | Reached skill level 1 in Ranged Weapons
   394 | D:3      | Reached skill level 1 in Throwing
   394 | D:3      | Reached skill level 1 in Shields
   394 | D:3      | Reached skill level 1 in Unarmed Combat
   394 | D:3      | Reached skill level 1 in Spellcasting
   535 | D:3      | Reached skill level 1 in Shapeshifting
   535 | D:3      | Reached XP level 4. HP: 34/34 MP: 5/5
   591 | D:3      | Found a hazy altar of Hepliaklqana.
   592 | D:3      | Found a sacrificial altar of Ru.
   593 | D:3      | Found a burning altar of Makhleb.
   596 | D:3      | Found a sparkling altar of Nemelex Xobeh.
   596 | D:3      | Found a shimmering blue altar of Sif Muna.
   600 | D:3      | Found a white marble altar of Elyvilon.
   691 | D:3      | Reached skill level 1 in Conjurations
   691 | D:3      | Reached skill level 1 in Hexes
   691 | D:3      | Reached skill level 1 in Summonings
   691 | D:3      | Reached skill level 1 in Necromancy
   691 | D:3      | Reached skill level 1 in Translocations
   691 | D:3      | Reached skill level 1 in Transmutations
   691 | D:3      | Reached skill level 1 in Fire Magic
   691 | D:3      | Reached skill level 1 in Ice Magic
   691 | D:3      | Reached skill level 1 in Air Magic
   691 | D:3      | Reached skill level 1 in Earth Magic
   691 | D:3      | Reached skill level 1 in Poison Magic
   793 | D:4      | Identified the "Aghyireg"
   837 | D:4      | Noticed a scorpion
   841 | D:4      | Killed a scorpion
   842 | D:4      | Reached XP level 5. HP: 41/41 MP: 5/7
   855 | D:4      | Noticed Sigmund
   857 | D:4      | Noticed an ogre
   859 | D:4      | Found a stormy altar of Qazlal.
   875 | D:4      | Killed an ogre
   876 | D:4      | Reached XP level 6. HP: 47/47 MP: 8/8
   884 | D:4      | Killed Sigmund
   885 | D:4      | Reached skill level 5 in Armour
   903 | D:4      | You fall into a shaft and drop 3 floors!
   954 | D:6      | Noticed a water moccasin
   961 | D:6      | Found a staircase to the Ecumenical Temple.
   973 | Temple   | Entered the Ecumenical Temple
  1000 | Temple   | Became a worshipper of Warmaster Okawaru
  1049 | D:6      | Identified the ring "Vuocla" {rC+ rN+ AC+4 Int+2 Stlth+}
  1155 | D:5      | Entered Level 5 of the Dungeon
  1284 | D:5      | Reached skill level 7 in Evocations
  1284 | D:5      | Reached XP level 7. HP: 44/52 MP: 10/10
  1290 | D:5      | Reached * piety under Okawaru
  1632 | D:2      | Noticed Jessica
  1643 | D:2      | Killed Jessica
  1719 | D:2      | Found a hide-covered altar of Uskayaw.
  2908 | D:4      | Gained mutation: Your flesh is cold resistant. (rC+)
                  | [potion of mutation]
  2908 | D:4      | Gained mutation: You have a pair of small horns on your
                  | head. [potion of mutation]
  3307 | D:5      | Found a shadowy altar of Dithmenos.
  3363 | D:5      | Noticed Blork the orc
  3376 | D:5      | Killed Blork the orc
  3377 | D:5      | Reached XP level 8. HP: 51/60 MP: 12/12
  3462 | D:5      | Reached ** piety under Okawaru
  4011 | D:6      | Succumbed to a water moccasin's poison

Illustrated notes

Levels and vault maps discovered:
D:1:      dpeg_arrival_rooms_c, layout_basic, minmay_misc_feat_columns,
          bh_walls_and_bars
D:2:      layout_loops_ring, basic_altar, uniq_jessica
D:3:      minmay_octagon_keep, layout_rooms, grunt_temple_overflow_open,
          zin_purify
D:4:      layout_cave_pools, grunt_qazlal_sundering, uniq_sigmund
D:5:      layout_loops_cross, mainiacjoe_overflow_alcove_1, serial_rivers,
          chequers_serial_rivers_micro_e, chequers_serial_rivers_micro_a,
          chequers_serial_rivers_small_a, chequers_serial_rivers_large_a,
          chequers_serial_rivers_room_b, chequers_serial_rivers_micro_a,
          chequers_serial_rivers_micro_e, dreamdust_princess_corridor,
          uniq_blork_the_orc
D:6:      layout_loops_corners, minmay_temple_entry_statues_pillars,
          kennysheep_cross_room, guppyfry_shop_venom, uniq_maggie, uniq_jeremiah
D:7:      layout_cave_pods, gammafunk_temple_overflow_statue, uniq_pikel,
          uniq_joseph
Temple:   dpeg_chambers_temple

Skill      XL: |  1  2  3  4  5  6  7  8 |
---------------+-------------------------+-----
Invocations    | 1 2 3 |  3.7
Short Blades   | 1 2 3 |  3.3
Long Blades    | 1 2 3 |  3.3
Axes           | 1 2 3 |  3.3
Maces & Flails | 1 2 3 |  3.3
Polearms       | 1 2 3 |  3.3
Staves         | 1 2 3 |  3.3
Ranged Weapons | 1 2 3 |  3.3
Throwing       | 1 2 3 |  3.3
Shields        | 1 2 3 |  3.3
Unarmed Combat | 1 2 3 |  3.3
Spellcasting   | 1 2 3 |  3.3
Shapeshifting  | 1 2 3 |  3.0
Conjurations   | 1 2 |  2.7
Hexes          | 1 2 |  2.7
Summonings     | 1 2 |  2.7
Necromancy     | 1 2 |  2.7
Translocations | 1 2 |  2.7
Transmutations | 1 2 |  2.7
Fire Magic     | 1 2 |  2.7
Ice Magic      | 1 2 |  2.7
Air Magic      | 1 2 |  2.7
Earth Magic    | 1 2 |  2.7
Poison Magic   | 1 2 |  2.7
Fighting       | 3 4 |  4.3
Dodging        | 3 4 |  4.3
Stealth        | 3 4 |  4.1
Armour         | 5 |  5.7
Evocations     | 7 |  7.4

Action                     |  1- 3 |  4- 6 |  7- 9 || total
---------------------------+-------+-------+-------++-------
  Melee: Club              |    23 |       |       ||    23
         Short sword       |    25 |       |       ||    25
         Bite              |    11 |    15 |    26 ||    52
         Staff             |    59 |    97 |   226 ||   382
         Punch             |     2 |     3 |     5 ||    10
         Headbutt          |       |       |    19 ||    19
  Throw: Javelin           |       |       |     2 ||     2
  Evoke: Wand              |       |     4 |     1 ||     5
    Use: Scroll            |       |     3 |     4 ||     7
         Potion            |       |       |     1 ||     1
   Stab: Sleeping          |     1 |     1 |    14 ||    16
 Armour: Leather armour    |    79 |    57 |   130 ||   266
  Dodge: Dodged            |    64 |    49 |   129 ||   242
  Block: Other             |     3 |    25 |    51 ||    79

Table legend: (Time is in decaauts)
 A = Elapsed time spent in this place.
 B = Non-inter-level travel time spent in this place.
 C = Inter-level travel time spent in this place.
 D = Time resting spent in this place.
 E = Time spent auto-exploring this place.
 F = Levels seen in this place.
 G = Mean time per level.
                   A        B        C        D        E       F      G
               +--------+--------+--------+--------+--------+-----+--------+
         Total |   4073 |   3747 |    326 |     41 |   2456 |   8 |  509.1 |
       Dungeon |   4018 |   3745 |    273 |     41 |   2456 |   7 |  574.0 |
        Temple |     54 |      1 |     53 |      0 |      0 |   1 |   54.0 |
               +--------+--------+--------+--------+--------+-----+--------+

Top non-repeatable levels by time:
     D:1: 1024 daAuts
     D:5: 906 daAuts
     D:3: 645 daAuts
     D:2: 628 daAuts
     D:4: 541 daAuts
     D:6: 221 daAuts
  Temple: 54 daAuts
     D:7: 50 daAuts
